 Dungeon Crawl Stone Soup version 0.27-a0-931-g5a74e75d8f (webtiles) character file.

Game seed: 13290290494978057111

48 Alarkh the Insei (level 3, -3/28 HPs)
             Began as a Demonspawn Gladiator on Apr 10, 2021.
             Slain by an adder (4 damage)
             ... on level 2 of the Dungeon.
             The game lasted 00:00:54 (877 turns).

Alarkh the Insei (Demonspawn Gladiator)              Turns: 877, Time: 00:00:55

Health: -3/28      AC:  4    Str: 14    XL:     3   Next: 50%
Magic:  3/3        EV: 12    Int: 10    God:
Gold:   54         SH:  0    Dex: 14    Spells: 2/2 levels left

rFire    . . .     SeeInvis .     - Unarmed
rCold    . . .     Faith    .   (no shield)
rNeg     + . .     Spirit   .   i - +0 leather armour {rN+}
rPois    .         Reflect  .   b - +0 helmet
rElec    .         Harm     .   (no cloak)
rCorr    .         Rampage  .   (no gloves)
Will     .....                  (no boots)
Stlth    +.........             (no amulet)
HPRegen  0.09/turn              (no ring)
MPRegen  0.08/turn              (no ring)

@: lethally poisoned (-3 -> -6)
A: claws 1, demonic guardian 1
a: no special abilities


You were on level 2 of the Dungeon.
You visited 1 branch of the dungeon, and saw 2 of its levels.

You collected 54 gold pieces.

Inventory:

Missiles
 c - 3 throwing nets (quivered)
Armour
 a - a +0 leather armour
 b - a +0 helmet (worn)
 i - a +0 leather armour of positive energy (worn)
Scrolls
 d - a scroll of teleportation {unknown}
 e - 2 scrolls of fog {unknown}
 f - a scroll of acquirement {unknown}
 g - a scroll of torment {unknown}
 h - a scroll of fear {unknown}


   Skills:
 + Level 2.7 Fighting
 - Level 1.7 Throwing
 - Level 2.6 Dodging
 * Level 3.7 Unarmed Combat


You had 2 spell levels left.
You didn't know any spells.
Your spell library was empty.

Dungeon Overview and Level Annotations

Branches:
Dungeon (2/15)

Altars:


Innate Abilities, Weirdness & Mutations

You have sharp fingernails.
A weak demonic guardian rushes to your aid.


Message History

You closely miss the adder. The adder bites you.
You miss the adder. The adder barely misses you. The adder misses you.
You miss the adder. The adder bites you but does no damage.
The adder barely misses you.
You closely miss the adder. The adder misses you. x2
You miss the adder. The adder bites you but does no damage.
The adder closely misses you.
You closely miss the adder. The adder bites you.
You are poisoned.
The adder poisons you! The adder misses you. The adder completely misses you.
You closely miss the adder.
You feel sick. The adder misses you. The adder closely misses you.
You miss the adder.
You feel sick. The adder barely misses you. The adder bites you.
You claw the adder!
The adder is severely wounded.
You feel sick. The adder bites you.
You are more poisoned.
The adder poisons you! The adder bites you but does no damage.
You are too injured to fight recklessly!
You are too injured to fight recklessly!
You aren't carrying any potions.
You feel sick. The adder barely misses you.
You feel sick. The adder bites you.
* * * LOW HITPOINT WARNING * * *
You feel sick.
You see here a ball python corpse.
You feel sick.
You feel sick. The adder misses you. The adder bites you.
* * * LOW HITPOINT WARNING * * *
A demonic guardian appears!
You are lethally poisoned!
The adder poisons you!
* * * LOW HITPOINT WARNING * * *
You feel sick.
* * * LOW HITPOINT WARNING * * *
You feel sick.
* * * LOW HITPOINT WARNING * * *
You feel sick. The adder bites you.
You die...

##.#### .......
....... .......##
........##
.........#
.........#######
..........†..5S####
.....<......†.S@..#
.........#####.##.#
.#####...# #.##.#
.....# #.##.####.#
####..# #.........#
#[.# #†...######
#..# ##...# ##.>.#
..#####....#


You could see 2 adders and a friendly quasit (summoned).

Vanquished Creatures
  A gnoll (D:1)
  A dart slug (D:2)
  6 bats
  2 endoplasms (D:1)
  3 giant cockroaches (D:1)
  3 goblins (D:1)
  3 hobgoblins (D:1)
  4 jackals (D:1)
  2 kobolds (D:1)
  A quokka (D:1)
  3 ball pythons
  4 frilled lizards (D:1)
33 creatures vanquished.

Notes
Turn   | Place    | Note
-------+----------+-------------------------------------------
     0 | D:1      | Alarkh the Demonspawn Gladiator began the quest for the
                  | Orb.
     0 | D:1      | Reached XP level 1. HP: 16/16 MP: 1/1
   195 | D:1      | Reached skill level 3 in Unarmed Combat
   238 | D:1      | Gained mutation: You have sharp fingernails. [demonic
                  | ancestry]
   238 | D:1      | Reached XP level 2. HP: 22/22 MP: 2/2
   402 | D:1      | Gained mutation: A weak demonic guardian rushes to your
                  | aid. [demonic ancestry]
   402 | D:1      | Reached XP level 3. HP: 27/28 MP: 3/3
   877 | D:2      | HP: 1/28 [poisoned by an adder]
   877 | D:2      | Slain by an adder

Illustrated notes

Levels and vault maps discovered:
D:1:      matt_arrival_refuge, layout_basic, minmay_bisected
D:2:      layout_loops_ring

Skill      XL: |  1 |
---------------+----+-----
Unarmed Combat | 3 |  3.7
Fighting       | |  2.7
Throwing       | |  1.7
Dodging        | |  2.6

Action                   || total
-------------------------++-------
Melee: Unarmed           ||   111
       Punch             ||     2
Throw: Throwing net      ||     1
 Stab: Held in net/web   ||     1
Armor: Leather armour    ||    36
Dodge: Dodged            ||    94

Table legend: (Time is in decaauts)
 A = Elapsed time spent in this place.
 B = Non-inter-level travel time spent in this place.
 C = Inter-level travel time spent in this place.
 D = Time resting spent in this place.
 E = Time spent auto-exploring this place.
 F = Levels seen in this place.
 G = Mean time per level.
                   A        B        C        D        E       F      G
               +--------+--------+--------+--------+--------+-----+--------+
         Total |    869 |    829 |     40 |      0 |    612 |   2 |  434.5 |
       Dungeon |    869 |    829 |     40 |      0 |    612 |   2 |  434.5 |
               +--------+--------+--------+--------+--------+-----+--------+

Top non-repeatable levels by time:
     D:1: 801 daAuts
     D:2: 68 daAuts
